 Dungeon Crawl Stone Soup version 0.29.0-4-gdea44cf6ec (webtiles) character file.

Game seed: 314664428047485845

1000 qw the Chopper (level 8, -12/46 HPs)
             Began as a Tengu Warper on Aug 28, 2022.
             Was a Believer of Okawaru.
             Shot with a sling bullet by Joseph (22 damage)
             ... on level 7 of the Dungeon.
             The game lasted 00:00:32 (5433 turns).

qw the Chopper (Tengu Warper)                       Turns: 5433, Time: 00:00:33

Health: -12/46     AC:  7    Str: 23    XL:     8   Next: 19%
Magic:  10/12      EV: 17    Int: 13    God:    Okawaru [**....]
Gold:   424        SH: 10    Dex: 10    Spells: 11/11 levels left

rFire   . . .      SeeInvis .   Y - +2 hand axe
rCold   . . .      Faith    +   l - +0 kite shield
rNeg    + . .      Spirit   .   e - +0 scale mail
rPois   .          Reflect  .   (helmet restricted)
rElec   .          Harm     .   (no cloak)
rCorr   .          Rampage  .   (no gloves)
Will    .....                   (boots unavailable)
Stlth   +.........              d - amulet "Giubarea" {Faith rN+ Str+9 Dex-4}
HPRegen 0.15/turn               h - +4 ring of evasion
MPRegen 0.13/turn               (no ring)

@: about to teleport, heroic, flying quickly and evasively, quick
A: beak, talons 3, nimble flight
a: Renounce Religion, Heroism


You were on level 7 of the Dungeon.
You worshipped Okawaru.
Okawaru was pleased with you.
You visited 1 branch of the dungeon, and saw 7 of its levels.

You collected 563 gold pieces.
You spent 139 gold pieces at shops.


Innate Abilities, Weirdness & Mutations

You have a beak for a mouth.
You have claws for feet.
Your magical nature lets you fly swiftly and evasively.


   Skills:
 - Level 3.0(8.0) Fighting
 + Level 7.5(12.5) Axes
 - Level 1.0(6.0) Throwing
 - Level 1.1(6.1) Armour
 - Level 2.1(7.1) Dodging
 - Level 4.1(9.1) Shields
 - Level 2.0 Spellcasting
 - Level 2.4 Translocations
 + Level 3.5 Invocations


You had 11 spell levels left.
You didn't know any spells.
Your spell library contained the following spells:

 Spells                   Type           Power      Damage    Failure   Level
 Blink                    Tloc           14%        N/A       63%         2
 Gell's Gravitas          Tloc           7%         N/A       85%         3
 Lesser Beckoning         Tloc           7%         N/A       85%         3
 Teleport Other           Tloc           7%         N/A       85%         3
 Manifold Assault         Tloc           7%         N/A       100%        5

Inventory:

Hand Weapons
 p - a +4 mace of protection
 Y - a +2 hand axe (weapon)
Armour
 e - a +0 scale mail (worn)
 l - a +0 kite shield (worn)
 r - a +0 chain mail
Jewellery
 d - the amulet "Giubarea" (around neck) {Faith rN+ Str+9 Dex-4}
   (You found it on level 3 of the Dungeon)

   [amulet of faith]

   It allows you to gain divine favour quickly.
   Str:       It affects your strength (+9).
   Dex:       It affects your dexterity (-4).
   rN:        It protects you from negative energy.
 h - a +4 ring of evasion (left hand)
Scrolls
 c - a scroll of teleportation
 k - a scroll of identify
Potions
 a - a potion of mutation
 b - a potion of magic {unknown}
 f - 2 potions of curing
 g - a potion of might {unknown}
 i - a potion of degeneration {unknown}
 j - a potion of haste
 m - a potion of lignification {unknown}
 n - 2 potions of berserk rage {unknown}
 q - a potion of heal wounds {unknown}

Dungeon Overview and Level Annotations

Branches:
Dungeon (8/15)             Temple (0/1) D:4
   Lair: D:8-11

Altars:
Dithmenos
Okawaru

Shops:
D:2 =   D:7 [

Annotations:
D:7 Joseph


Message History

As you read the scroll of teleportation, it crumbles to dust.
You feel strangely unstable.
You hear the slow hiss of an avalanche of sand nearby.
The gnoll misses you. Joseph barely misses you.
You hit the gnoll. Your kick misses the gnoll. You peck the gnoll.
The gnoll is almost dead.
You completely miss Joseph. You block the gnoll's attack.
You block Joseph's attack.
You slash the gnoll!
You kill the gnoll!
Okawaru accepts your kill.
You hit Joseph. You hit Joseph but do no damage.
You peck Joseph, but do no damage.
Joseph is lightly wounded.
Joseph shouts, "At last, some action!"
Joseph barely misses you.
You hit Joseph but do no damage. Your kick misses Joseph.
Your peck misses Joseph.
Joseph is lightly wounded.
Your surroundings suddenly seem different.
You feel like a meek peon again.
You start resting.
Magic restored.
You start resting.
You hear the slow hiss of a very distant avalanche of sand.
You hear the hiss of a very distant avalanche of sand.
Joseph is nearby!
5429 ||| INVOKING Heroism.
You gain the combat prowess of a mighty hero.
Joseph shouts!
Joseph unwields a +0 quarterstaff.
Joseph wields a +2 sling of flaming.
It bursts into flame!
Joseph shoots a sling bullet.
The sling bullet hits you! The sling bullet burns you.
5431 ||| READING 2 scrolls of teleportation.
As you read the scroll of teleportation, it crumbles to dust.
You feel strangely unstable.
Joseph shoots a sling bullet.
The sling bullet closely misses you.
Joseph shoots a sling bullet.
You block the sling bullet.
Joseph shoots a sling bullet.
The sling bullet hits you!!
You die...

.......##...#.#
.............#######
...###........#....#
.....####.\........###
.........#.......#...#
.................#...##
...................(..##
......###..###.........#
..... #....#...@.....##
.... #......##...#...#
.....##..##..##@......#
......... ##..>...#####
.......#####....###
.........#.[..###
..............#
.............##
..............#


You could see Joseph.

Vanquished Creatures
  A sky beast (D:7)
  2 ogres
  2 phantoms (D:4)
  3 scorpions
  A necrophage (D:4)
  2 hounds
  A jelly (D:7)
  2 iguanas
  8 adders
  4 gnolls
  3 worms
  2 dart slugs
  14 orcs
  A bat (D:2)
  8 endoplasms
  2 giant cockroaches
  16 goblins
  10 hobgoblins
  5 kobolds
  3 quokkas (D:3)
  2 ball pythons
  3 frilled lizards
  5 rats
100 creatures vanquished.

Notes
Turn   | Place    | Note
-------+----------+-------------------------------------------
     0 | D:1      | qw the Tengu Warper began the quest for the Orb.
     0 | D:1      | Reached XP level 1. HP: 12/12 MP: 4/4
     0 | D:1      | 0 ||| qw: Version: 0.1-a-89-g26bdef1
     0 | D:1      | 0 ||| qw: Game counter: 769
     0 | D:1      | 0 ||| qw: Always use a shield: true
     0 | D:1      | 0 ||| qw: God list: Okawaru
     0 | D:1      | 0 ||| qw: Allow faded altars: false
     0 | D:1      | 0 ||| qw: Do Orc after D:15 true
     0 | D:1      | 0 ||| qw: Do second Lair branch before Depths: true
     0 | D:1      | 0 ||| qw: Lair rune preference: random
     0 | D:1      | 0 ||| qw: Plans: Normal
     0 | D:1      | 0 ||| PLANNING D:1-11
   146 | D:1      | 146 ||| Stepping ~*~*~tactically~*~*~ (hiding).
   154 | D:1      | Reached skill level 3 in Axes
   154 | D:1      | Reached XP level 2. HP: 17/17 MP: 6/6
   268 | D:1      | 268 ||| Stepping ~*~*~tactically~*~*~ (stealth).
   272 | D:1      | 272 ||| Stepping ~*~*~tactically~*~*~ (stealth).
   290 | D:1      | 290 ||| Stepping ~*~*~tactically~*~*~ (stealth).
   298 | D:1      | 298 ||| Stepping ~*~*~tactically~*~*~ (stealth).
   381 | D:1      | 381 ||| DROPPING +0 club.
   474 | D:1      | Reached XP level 3. HP: 20/21 MP: 7/7
   608 | D:1      | 608 ||| UPGRADING to +0 scale mail.
   618 | D:1      | 618 ||| DROPPING +0 leather armour.
   619 | D:1      | 619 ||| UPGRADING to +4 ring of evasion.
   620 | D:1      | 620 ||| READING scroll labelled DEHUVO GEIHOAT.
   621 | D:1      | 621 ||| DROPPING scroll of blinking.
   641 | D:2      | 641 ||| STAIRDANCE
   893 | D:2      | Found Putyalu's Jewellery Shop.
   897 | D:2      | Reached skill level 4 in Axes
   900 | D:2      | 900 ||| SHOPLISTING ring "Zeodirod" {Str+4 Int+4 Dex+6}
                  | (598 gold, have 43).
   900 | D:2      | 900 ||| SHOPLISTING ring of Traps {Drain +Blink rN+ Will+
                  | Dex+4} (460 gold, have 43).
   900 | D:2      | 900 ||| SHOPLISTING ring of protection from cold (250 gold,
                  | have 43).
   900 | D:2      | 900 ||| SHOPLISTING ring of protection from fire (250 gold,
                  | have 43).
  1306 | D:2      | HP: 4/21 [goblin/sling bullet (2)]
  1309 | D:2      | 1309 ||| FLEEEEING.
  1403 | D:2      | 1403 ||| FLEEEEING.
  1404 | D:2      | 1404 ||| FLEEEEING.
  1408 | D:2      | 1408 ||| FLEEEEING.
  1409 | D:2      | 1409 ||| FLEEEEING.
  1410 | D:2      | 1410 ||| FLEEEEING.
  1411 | D:2      | 1411 ||| FLEEEEING.
  1412 | D:2      | 1412 ||| FLEEEEING.
  1415 | D:2      | 1415 ||| FLEEEEING.
  1416 | D:2      | 1416 ||| FLEEEEING.
  1417 | D:2      | 1417 ||| STAIRDANCE
  1797 | D:2      | Reached XP level 4. HP: 26/26 MP: 8/8
  2020 | D:2      | Found a faded altar of an unknown god.
  2202 | D:2      | 2202 ||| UPGRADING to +0 kite shield.
  2207 | D:2      | 2207 ||| READING 2 scrolls labelled LOURPH ETIFIDUCH.
  2208 | D:2      | 2208 ||| READING scroll of enchant weapon.
  2208 | D:2      | 2208 ||| ENCHANTING +1 hand axe.
  2209 | D:2      | 2209 ||| READING scroll labelled ZAEN QAXUK VOPP.
  2213 | D:2      | 2213 ||| READING scroll labelled HUSUIF ZODEU.
  2214 | D:2      | 2214 ||| READING scroll labelled RADEOV OLAKU.
  2215 | D:2      | 2215 ||| DRINKING 2 green potions.
  2216 | D:2      | 2216 ||| DROPPING potion of flight.
  2402 | D:3      | Reached skill level 1 in Shields
  2434 | D:3      | Noticed a scorpion
  2446 | D:3      | Killed a scorpion
  2447 | D:3      | Gained mutation: Your magical nature lets you fly swiftly
                  | and evasively. [Tengu growth]
  2447 | D:3      | Reached XP level 5. HP: 22/30 MP: 9/9
  2693 | D:3      | Found a shadowy altar of Dithmenos.
  2740 | D:3      | Reached skill level 3 in Shields
  2820 | D:3      | Reached skill level 5 in Axes
  2969 | D:3      | 2969 ||| Stepping ~*~*~tactically~*~*~ (stealth).
  2970 | D:3      | 2970 ||| Stepping ~*~*~tactically~*~*~ (stealth).
  3058 | D:3      | Identified the amulet "Giubarea" {Faith rN+ Str+9 Dex-4}
  3289 | D:3      | 3289 ||| UPGRADING to amulet "Giubarea" {Faith rN+ Str+9
                  | Dex-4}.
  3294 | D:3      | 3294 ||| DRINKING 2 sapphire potions.
  3347 | D:4      | 3347 ||| STAIRDANCE
  3352 | D:4      | 3352 ||| STAIRDANCE
  3362 | D:3      | Reached XP level 6. HP: 16/35 MP: 10/10
  3642 | D:4      | Reached skill level 6 in Axes
  3655 | D:4      | 3655 ||| DROPPING +0 whip.
  3717 | D:4      | Found an iron altar of Okawaru.
  3724 | D:4      | Became a worshipper of Warmaster Okawaru
  3742 | D:4      | 3742 ||| Stepping ~*~*~tactically~*~*~ (stealth).
  3760 | D:4      | 3760 ||| Stepping ~*~*~tactically~*~*~ (stealth).
  3761 | D:4      | 3761 ||| Stepping ~*~*~tactically~*~*~ (stealth).
  3770 | D:4      | 3770 ||| Stepping ~*~*~tactically~*~*~ (stealth).
  4044 | D:4      | Reached * piety under Okawaru
  4045 | D:4      | Reached XP level 7. HP: 31/40 MP: 11/11
  4181 | D:4      | Reached skill level 1 in Invocations
  4224 | D:4      | 4224 ||| Stepping ~*~*~tactically~*~*~ (stealth).
  4494 | D:4      | Found a staircase to the Ecumenical Temple.
  4576 | D:4      | 4576 ||| READING scroll labelled CIHECY REZUPRETA.
  4576 | D:4      | Identified a scroll of acquirement
  4576 | D:4      | 4576 ||| ACQUIRING 281 gold pieces
  4576 | D:4      | Acquired 281 gold pieces
  4578 | D:4      | 4578 ||| DRINKING 2 fizzy ruby potions.
  4579 | D:4      | 4579 ||| READING 2 scrolls of identify.
  4579 | D:4      | 4579 ||| IDENTIFYING inky potion
  4620 | D:5      | Entered Level 5 of the Dungeon
  4755 | D:5      | 4755 ||| Stepping ~*~*~tactically~*~*~ (stealth).
  4756 | D:5      | 4756 ||| Stepping ~*~*~tactically~*~*~ (stealth).
  4757 | D:5      | 4757 ||| Stepping ~*~*~tactically~*~*~ (stealth).
  4758 | D:5      | 4758 ||| INVOKING Heroism.
  4761 | D:5      | 4761 ||| Stepping ~*~*~tactically~*~*~ (stealth).
  4774 | D:5      | 4774 ||| INVOKING Heroism.
  4778 | D:5      | Reached skill level 7 in Axes
  4796 | D:5      | 4796 ||| Stepping ~*~*~tactically~*~*~ (stealth).
  4798 | D:5      | 4798 ||| Stepping ~*~*~tactically~*~*~ (stealth).
  4805 | D:5      | 4805 ||| DROPPING +0 flail.
  4870 | D:5      | Reached ** piety under Okawaru
  4967 | D:5      | 4967 ||| Stepping ~*~*~tactically~*~*~ (stealth).
  4972 | D:5      | 4972 ||| Stepping ~*~*~tactically~*~*~ (stealth).
  4972 | D:5      | You are sucked into a shaft and drop 3 floors!
  4977 | D:8      | 4977 ||| READING scroll labelled DETUSA EBLYPPE.
  5087 | D:7      | 5087 ||| PLANNING OSSUARY
  5096 | D:7      | Reached skill level 3 in Fighting
  5096 | D:7      | Reached skill level 3 in Invocations
  5096 | D:7      | Reached XP level 8. HP: 38/46 MP: 12/12
  5152 | D:7      | 5152 ||| INVOKING Heroism.
  5182 | D:7      | 5182 ||| INVOKING Heroism.
  5224 | D:7      | Found Zihyanuh's Antique Armour Emporium.
  5232 | D:7      | 5232 ||| SHOPLISTING +18 shield of the Gong {rElec rN+
                  | Will+ EV-5} (3016 gold, have 563).
  5232 | D:7      | 5232 ||| BUYING chain mail (139 gold).
  5232 | D:7      | Bought a chain mail for 139 gold pieces
  5232 | D:7      | 5232 ||| SHOPLISTING plate armour (713 gold, have 424).
  5284 | D:7      | Noticed Joseph
  5286 | D:7      | 5286 ||| INVOKING Heroism.
  5296 | D:7      | HP: 7/46 [gnoll/+0 flail (7)]
  5297 | D:7      | 5297 ||| READING 3 scrolls of teleportation.
  5429 | D:7      | 5429 ||| INVOKING Heroism.
  5430 | D:7      | HP: 10/46 [Joseph/sling bullet (5)]
  5431 | D:7      | 5431 ||| READING 2 scrolls of teleportation.
  5433 | D:7      | Shot with a sling bullet by Joseph

Levels and vault maps discovered:
D:1:      minmay_arrival_loop, layout_rooms
D:2:      layout_loops_corners, hellmonk_ecumenical_altar_defaced_shrine,
          serial_shops, shop, minmay_goblin_outpost
D:3:      layout_loops_ring, mainiacjoe_overflow_paths, nicolae_hexahallways,
          minmay_misc_feat_columns
D:4:      layout_loops_cross, okawaru_trees_1, temple_statues
D:5:      layout_loops_cross, kennysheep_crisscross
D:7:      layout_cave_pools, serial_shops, shop, gup_ossuary_entry_pyramid,
          uniq_joseph
D:8:      layout_basic, minitemple, uniq_maggie

Skill      XL: |  1  2  3  4  5  6  7 |
---------------+----------------------+-----
Axes           | 3 4 5 6 7 |  7.5
Shields        | 2 3 4 |  4.1
Invocations    | 3 |  3.5
Fighting       | 3 |  3.0
Throwing       | |  1.0
Armour         | |  1.1
Dodging        | |  2.1
Spellcasting   | |  2.0
Translocations | |  2.4

Action                   |  1- 3 |  4- 6 |  7- 9 || total
-------------------------+-------+-------+-------++-------
Melee: Hand axe          |    84 |   151 |    77 ||   312
       Peck              |    14 |    20 |    13 ||    47
       Kick              |    14 |    37 |    20 ||    71
Throw: Boomerang         |     7 |       |    13 ||    20
Invok: Heroism           |       |       |     6 ||     6
  Use: Scroll            |     1 |     5 |     5 ||    11
       Potion            |       |     2 |     1 ||     3
 Stab: Distracted        |     1 |       |       ||     1
Armor: Leather armour    |     3 |       |       ||     3
       Scale mail        |    20 |    32 |     9 ||    61
Dodge: Dodged            |    50 |    65 |    45 ||   160
Block: Kite shield       |       |    49 |    21 ||    70

Table legend:
 A = Non-vault XP
 B = Vault XP
 C = Vault XP percentage of total XP
 D = Non-vault monster count
 E = Vault monster count
 F = Vault count percentage of total count
                 A         B        C        D         E       F
            +---------+---------+-------+---------+---------+-------
      Total |    1409 |      20 |   1.4 |      91 |       9 |   9.0
            +---------+---------+-------+---------+---------+-------
        D:1 |      37 |       0 |   0.0 |      14 |       0 |   0.0
        D:2 |      43 |      20 |  31.7 |      18 |       9 |  33.3
        D:3 |     277 |       0 |   0.0 |      24 |       0 |   0.0
        D:4 |     424 |       0 |   0.0 |      19 |       0 |   0.0
        D:5 |     300 |       0 |   0.0 |      10 |       0 |   0.0
        D:7 |     328 |       0 |   0.0 |       6 |       0 |   0.0
            +---------+---------+-------+---------+---------+-------
